 Dungeon Crawl Stone Soup version 0.27-a0-1500-g450c7e4133 (webtiles) character file.

Game seed: 17360217660218536076

6921 lessens the Brawler (level 11, -8/82 HPs)
             Began as a Ghoul Fire Elementalist on July 7, 2021.
             Was an Elder of Okawaru.
             Mangled by a komodo dragon (13 damage)
             ... on level 10 of the Dungeon.
             The game lasted 00:15:31 (9681 turns).

lessens the Brawler (Ghoul Fire Elementalist)       Turns: 9681, Time: 00:15:32

Health: -8/82      AC: 13    Str: 16    XL:     11   Next: 7%
Magic:  13/13      EV: 14    Int: 10    God:    Okawaru [****..]
Gold:   563        SH:  0    Dex:  9    Spells: 12/13 levels left

rFire    . . .     SeeInvis .     - Unarmed
rCold    + + .     Faith    .   (no shield)
rNeg     + + +     Spirit   .   h - +2 leather armour {rC+}
rPois    ∞         Reflect  .   r - +0 helmet
rElec    .         Harm     .   (no cloak)
rCorr    .         Rampage  .   (no gloves)
Will     .....                  u - +0 pair of boots
Stlth    +++.......             G - amulet of regeneration
HPRegen  0.00/turn              j - +4 ring of protection
MPRegen  0.13/turn              (no ring)

@: heroic
A: claws 1, cold resistance 1, negative energy resistance 3, inhibited
regeneration, torment resistance 2
a: Renounce Religion, Heroism


You were on level 10 of the Dungeon.
You worshipped Okawaru.
Okawaru was greatly pleased with you.
You visited 2 branches of the dungeon, and saw 11 of its levels.
You also visited: Ossuary.

You collected 628 gold pieces.
You spent 65 gold pieces at shops.

Inventory:

Missiles
 d - 463 stones
 i - 15 boomerangs
 o - 63 poisoned darts
 A - 9 javelins
 K - 4 boomerangs of dispersal (quivered)
Armour
 a - a +0 robe
 b - a +0 buckler
 h - a +2 leather armour of cold resistance (worn)
 q - a scarf of harm
 r - a +0 helmet (worn)
 u - a +0 pair of boots (worn)
 H - a +2 ring mail of fire resistance
 J - a +0 scale mail of fire resistance
 L - a +0 cloak
Jewellery
 j - a +4 ring of protection (left claw)
 l - an amulet of magic regeneration
 G - an amulet of regeneration (around neck)
Wands
 e - a wand of iceblast (4)
 F - a wand of flame (10)
Scrolls
 g - 2 scrolls of amnesia {unknown}
 m - 4 scrolls of magic mapping
 p - 2 scrolls of enchant weapon {unknown}
 t - 2 scrolls of summoning
 y - 4 scrolls of enchant armour {unknown}
 B - 3 scrolls of teleportation
 C - 3 scrolls of identify
 E - 2 scrolls of blinking {unknown}
 I - 2 scrolls of fog
 O - a scroll of fear {unknown}
Potions
 c - 3 potions of resistance
 f - 8 potions of curing
 k - 2 potions of flight
 n - 2 potions of brilliance
 s - 3 potions of ambrosia
 v - a potion of degeneration
 w - 2 potions of attraction
 x - 2 potions of lignification
 z - 3 potions of heal wounds {unknown}
 D - a potion of cancellation {unknown}
 M - a potion of haste {unknown}
 N - a potion of invisibility {unknown}


   Skills:
 - Level 3.0(8.0) Fighting
 - Level 4.1(9.1) Armour
 + Level 3.9(8.9) Dodging
 - Level 2.1(7.1) Stealth
 * Level 15.0(20.0) Unarmed Combat
 - Level 1.7 Spellcasting
 - Level 0.7 Conjurations
 - Level 2.4 Fire Magic
 - Level 4.0 Invocations


You had 12 spell levels left.
You knew the following spells:

 Your Spells              Type           Power      Damage    Failure   Level
a - Foxfire               Conj/Fire      16%        2x1d4     19%         1

Your spell library contained the following spells:

 Spells                   Type           Power      Damage    Failure   Level
 Freeze                   Ice            0%         1d3       36%         1
 Sting                    Tmut/Pois      0%         1d3       36%         1
 Poisonous Vapours        Pois/Air       0%         N/A       50%         2
 Slow                     Hex            0%         N/A       50%         2
 Conjure Flame            Conj/Fire      4%         6-21      50%         3
 Inner Flame              Hex/Fire       3%         N/A       56%         3
 Confusing Touch          Hex            0%         N/A       73%         3
 Frozen Ramparts          Ice            0%         1d2       73%         3
 Sticky Flame             Conj/Fire      4%         2d3       88%         4
 Hailstorm                Conj/Ice       1%         3d3       97%         4
 Olgreb's Toxic Radiance  Pois           0%         N/A       98%         4
 Fireball                 Conj/Fire      2%         3d4       99%         5
 Yara's Violent Unravell  Hex/Tmut       0%         3d3       100%        5


Dungeon Overview and Level Annotations

Branches:
Dungeon (10/15)            Temple (1/1) D:7             Orc (0/2) D:9
Ossuary (visited)
   Lair: D:8-11

Altars:
Ashenzari
Cheibriados
Dithmenos
Elyvilon
Fedhas
Hepliaklqana
Kikubaaqudgha
Nemelex Xobeh
Okawaru
Qazlal
Ru
Sif Muna
Trog
Uskayaw
Vehumet
Wu Jian
Xom
Yredelemnul
Zin

Shops:
D:4 :   D:6 (   D:8 =   D:9 ?

Annotations:
D:7 2 transporters, Nausicaa's ghost, novice VSTm


Innate Abilities, Weirdness & Mutations

You thrive by killing the living.
You are immune to poison.
You have sharp fingernails.
Your flesh is cold resistant. (rC+)
You are immune to negative energy. (rN+++)
You do not regenerate when monsters are visible.
You are immune to unholy pain and torment.


Message History

The komodo dragon is almost dead.
The komodo dragon bites you but does no damage.
You scratch the komodo dragon but do no damage.
The komodo dragon is almost dead.
You scratch the komodo dragon.
You kill the komodo dragon!
Okawaru accepts your kill.
Your base Unarmed Combat skill increases to level 15!
A komodo dragon comes into view.
A komodo dragon is nearby!
A komodo dragon is nearby!
A komodo dragon is nearby!
Throw: 10 javelins
Press: ? - help, Q - select action, (/) - cycle Shift-Dir - straight line, f - komodo dragon
Aim: a komodo dragon (wandering, hasn't noticed you, 69% to hit)
You throw a javelin. The komodo dragon hisses angrily.
The javelin pierces through the komodo dragon!
The komodo dragon is moderately wounded.
Okay, then.
Throw: 6 boomerangs (disperse)
Press: ? - help, Q - select action, (/) - cycle Shift-Dir - straight line, f/p - komodo dragon
Aim: a komodo dragon (moderately wounded, 69% to hit)
You throw a boomerang of dispersal.
The boomerang of dispersal hits the komodo dragon but does no damage.
The komodo dragon is moderately wounded.
The komodo dragon barely misses you. The komodo dragon bites you!!
* * * LOW HITPOINT WARNING * * *
Throw: 5 boomerangs (disperse)
Press: ? - help, Q - select action, (/) - cycle Shift-Dir - straight line, f/p - komodo dragon
Aim: a komodo dragon (moderately wounded, 69% to hit)
You throw a boomerang of dispersal.
The boomerang of dispersal hits the komodo dragon but does no damage.
The komodo dragon is moderately wounded.
The komodo dragon bites you.
* * * LOW HITPOINT WARNING * * *
Okay, then.
As you read the scroll of summoning, it crumbles to dust.
Wisps of shadow whirl around you... The komodo dragon bites you!
You die...

## #.## ..... ## .....#
#. #.....##. ### #
........###.####### ###
.......KOK...#.##.###†.
.######lc......###...†#
#@#.###.........##
###..#.##.#.###.#
#######################
#...................#..
##....#................
##....##....##..........
#....###....##........#.
##..## ##...####.....###
#..#####...## #....## #


You could see a komodo dragon (ally target), a friendly two-headed ogre
(summoned), a friendly kobold brigand (summoned), a friendly centaur (summoned)
and a friendly kobold (summoned).

Vanquished Creatures
  A cyclops (D:7)
  A komodo dragon (D:10)
  Prince Ribbit (D:7)
  3 wyverns
  Sigmund (D:5)
  A basilisk (D:10)
  3 steam dragons
  A vampire mosquito (D:8)
  Menkaure (D:4)
  Edmund (D:8)
  4 water moccasins
  2 swamp drakes
  A sky beast (D:7)
  6 orc warriors
  A black bear (D:6)
  A hornet zombie (D:8)
  An ogre (D:4)
  4 centaurs
  A phantom (D:5)
  2 kobold brigands
  2 bullfrogs
  A water moccasin zombie (D:5)
  A scorpion (D:6)
  A water moccasin skeleton (D:6)
  5 killer bees (D:9)
  8 howler monkeys
  8 wights
  2 hounds
  2 centaur zombies
  6 orc priests
  A jelly (D:7)
  A bullfrog skeleton (D:6)
  Terence (D:2)
  Natasha (thrice) (D:4)
  An iguana (D:7)
  12 orc wizards
  A killer bee zombie (D:7)
  A hound skeleton (D:3)
  A mummy (Ossuary)
  A howler monkey zombie (D:10)
  4 gnolls (D:7)
  8 adders
  A white imp (D:6)
  4 dart slugs
  4 worms
  35 orcs
  5 spectral bats (Ossuary)
  6 endoplasms
  A giant cockroach (D:1)
  12 gnoll zombies (Ossuary)
  11 goblins
  3 hobgoblins
  11 jackals
  17 kobolds
  3 quokkas (D:4)
  6 ball pythons
  4 bats
  3 bat simulacra (Ossuary)
  3 frilled lizards
  3 goblin simulacra (Ossuary)
  5 goblin zombies (Ossuary)
  4 hobgoblin zombies (Ossuary)
  3 kobold simulacra (Ossuary)
  5 kobold zombies (Ossuary)
  4 orc zombies (Ossuary)
  13 rats
  3 rat simulacra (Ossuary)
  4 spectral goblins (Ossuary)
  A spectral kobold (Ossuary)
  2 spectral rats (Ossuary)
284 creatures vanquished.

Vanquished Creatures (collateral kills)
  A killer bee (D:9)
1 creature vanquished.

Vanquished Creatures (others)
  A howler monkey (D:10)
  46 foxfires
  16 plants (D:4)
63 creatures vanquished.

Grand Total: 348 creatures vanquished

Notes
Turn   | Place    | Note
-------+----------+-------------------------------------------
     0 | D:1      | lessens the Ghoul Fire Elementalist began the quest for the
                  | Orb.
     0 | D:1      | Reached XP level 1. HP: 14/14 MP: 2/2
    99 | D:1      | Reached skill level 1 in Unarmed Combat
   284 | D:1      | Reached XP level 2. HP: 20/20 MP: 3/3
   362 | D:1      | Reached skill level 2 in Unarmed Combat
   861 | D:1      | Reached XP level 3. HP: 26/26 MP: 0/4
  1213 | D:2      | Reached skill level 3 in Unarmed Combat
  1474 | D:2      | Noticed Terence
  1934 | D:2      | Reached XP level 4. HP: 32/33 MP: 5/5
  2169 | D:2      | Killed Terence
  2170 | D:2      | Reached skill level 4 in Unarmed Combat
  2309 | D:3      | Reached XP level 5. HP: 32/38 MP: 6/6
  2401 | D:3      | Reached skill level 5 in Unarmed Combat
  2834 | D:4      | Found Ocseiprorph's Book Shoppe.
  2882 | D:4      | Noticed Menkaure
  2898 | D:4      | Killed Menkaure
  2899 | D:4      | Reached skill level 6 in Unarmed Combat
  2899 | D:4      | Reached XP level 6. HP: 43/45 MP: 3/7
  3434 | D:4      | Reached skill level 7 in Unarmed Combat
  3617 | D:4      | Noticed Natasha
  3622 | D:4      | Killed Natasha
  3623 | D:4      | Reached XP level 7. HP: 50/50 MP: 8/8
  3718 | D:4      | Noticed Natasha
  3725 | D:4      | Killed Natasha
  3735 | D:4      | Noticed Natasha
  3743 | D:4      | Killed Natasha
  3781 | D:5      | Entered Level 5 of the Dungeon
  3805 | D:5      | Reached skill level 8 in Unarmed Combat
  3812 | D:5      | Identified the +2 robe of Curiosity {rPois Str+5 Int-5
                  | Dex+4}
  4032 | D:5      | Noticed Sigmund
  4164 | D:5      | Killed Sigmund
  4165 | D:5      | Reached skill level 9 in Unarmed Combat
  4188 | D:5      | Noticed Edmund
  4219 | D:5      | Found a sand-covered staircase.
  4226 | Ossuary  | Entered an ossuary
  4539 | Ossuary  | Reached XP level 8. HP: 57/57 MP: 9/9
  5217 | D:6      | Reached skill level 10 in Unarmed Combat
  5301 | D:6      | Reached skill level 1 in Fighting
  5962 | D:6      | Reached skill level 11 in Unarmed Combat
  5991 | D:6      | Identified the +5 spear of Kiopp {protect, Str+3}
  6229 | D:6      | Found Mahuec's Weapon Emporium.
  6361 | D:7      | Found a staircase to the Ecumenical Temple.
  6423 | Temple   | Entered the Ecumenical Temple
  6497 | Temple   | Became a worshipper of Warmaster Okawaru
  6592 | D:7      | Found a transporter.
  6592 | D:7      | Noticed Nausicaa's ghost (novice VSTm)
  6594 | D:7      | Noticed a five-headed hydra
  6606 | D:7      | Noticed Prince Ribbit
  6609 | D:7      | Noticed a cyclops
  6623 | D:7      | Killed a cyclops
  6624 | D:7      | Reached XP level 9. HP: 69/69 MP: 10/10
  6647 | D:7      | Found a transporter.
  6814 | D:7      | Reached skill level 12 in Unarmed Combat
  6817 | D:7      | Reached * piety under Okawaru
  6841 | D:7      | Killed Prince Ribbit
  7687 | D:8      | Killed Edmund
  7687 | D:8      | Reached ** piety under Okawaru
  7762 | D:8      | Reached skill level 13 in Unarmed Combat
  7762 | D:8      | Reached XP level 10. HP: 77/77 MP: 11/11
  7828 | D:8      | Found Hiuck's Jewellery Boutique.
  8398 | D:9      | Reached skill level 1 in Invocations
  8528 | D:9      | Reached *** piety under Okawaru
  8578 | D:9      | Reached skill level 14 in Unarmed Combat
  8705 | D:9      | Found Enoas's Magic Scroll Emporium.
  8752 | D:9      | Bought a scroll of magic mapping for 35 gold pieces
  8752 | D:9      | Bought a scroll of teleportation for 30 gold pieces
  9057 | D:9      | Found a radiant altar of Vehumet.
  9124 | D:9      | Found a staircase to the Orcish Mines.
  9207 | D:10     | Entered Level 10 of the Dungeon
  9256 | D:10     | Reached **** piety under Okawaru
  9619 | D:10     | Reached XP level 11. HP: 60/82 MP: 13/13
  9669 | D:10     | Reached skill level 15 in Unarmed Combat
  9681 | D:10     | Mangled by a komodo dragon

Illustrated notes

Levels and vault maps discovered:
D:1:      elethiomel_arrival_diamonds, layout_basic
D:2:      layout_loops_ring, uniq_crazy_yiuf_cottage, uniq_terence
D:3:      layout_rooms, minivault_25
D:4:      layout_basic, serial_shops, nicolae_stop_n_shop_2,
          serial_bayou_lagoon_b, uniq_menkaure, uniq_natasha
D:5:      layout_basic, chequers_ossuary_entry_cave, minmay_holes,
          chequers_arboretum, uniq_sigmund, uniq_edmund
D:6:      layout_gridville, serial_shops, nicolae_shop_behind_doors
D:7:      layout_basic, temple_fountains, gammafunk_ghost_arena,
          uniq_prince_ribbit1
D:8:      layout_gridville, serial_shops, nicolae_square_shop, st_stairs_4,
          amcnicky_mini_pool_small, grunt_ministairs_10
D:9:      layout_cave_pools, kennysheep_little_box, erik_orc_1, serial_shops,
          shop
D:10:     layout_cave_pools, erik_lair_dragon, serial_column_ruins,
          column_ruins_hut_water, column_ruins_columns_straight,
          column_ruins_open_tiny, column_ruins_grid_3,
          hangedman_abyss_or_decor_clamps, chequers_decorated_corner
Temple:   compressed_dpeg_circular_temple

Skill      XL: |  1  2  3  4  5  6  7  8  9 10 11 |
---------------+----------------------------------+-----
Unarmed Combat | 1 2 3 4 6 7 9 11 13 14 15 | 15.0
Fighting       | 3 |  3.0
Armour         | 2 4 |  4.1
Dodging        | 2 3 |  3.9
Invocations    | 4 |  4.0
Stealth        | |  2.1
Spellcasting   | |  1.7
Conjurations   | |  0.7
Fire Magic     | |  2.4

Action                   |  1- 3 |  4- 6 |  7- 9 | 10-12 || total
-------------------------+-------+-------+-------+-------++-------
Melee: Unarmed           |   115 |   175 |   426 |   258 ||   974
       Punch             |     1 |     3 |    16 |    10 ||    30
Throw: Dart              |       |     3 |     9 |     2 ||    14
       Boomerang         |       |       |       |     2 ||     2
       Javelin           |       |       |       |     1 ||     1
 Cast: Foxfire           |    21 |     7 |       |       ||    28
Invok: Heroism           |       |       |       |     3 ||     3
Evoke: Wand              |       |       |     2 |       ||     2
  Use: Scroll            |       |     3 |     7 |     2 ||    12
       Potion            |       |       |       |     1 ||     1
 Stab: Sleeping          |     2 |     5 |     3 |       ||    10
       Distracted        |     1 |       |     1 |     1 ||     3
Armor: Robe              |     7 |       |       |       ||     7
       Leather armour    |    15 |    60 |   201 |   170 ||   446
Dodge: Dodged            |    66 |    74 |   221 |   207 ||   568

Table legend: (Time is in decaauts)
 A = Elapsed time spent in this place.
 B = Non-inter-level travel time spent in this place.
 C = Inter-level travel time spent in this place.
 D = Time resting spent in this place.
 E = Time spent auto-exploring this place.
 F = Levels seen in this place.
 G = Mean time per level.
                   A        B        C        D        E       F      G
               +--------+--------+--------+--------+--------+-----+--------+
         Total |   9530 |   9020 |    510 |     13 |   6934 |  12 |  794.2 |
       Dungeon |   9016 |   8535 |    481 |     13 |   6716 |  10 |  901.6 |
        Temple |    103 |     74 |     29 |      0 |     68 |   1 |  103.0 |
       Ossuary |    410 |    410 |      0 |      0 |    150 |   1 |  410.0 |
               +--------+--------+--------+--------+--------+-----+--------+

Top non-repeatable levels by time:
     D:1: 1171 daAuts
     D:6: 1144 daAuts
     D:7: 1129 daAuts
     D:2: 1001 daAuts
     D:4: 995 daAuts
     D:5: 900 daAuts
     D:9: 797 daAuts
     D:8: 772 daAuts
     D:3: 647 daAuts
    D:10: 457 daAuts
 Ossuary: 410 daAuts
  Temple: 103 daAuts
